 Dungeon Crawl Stone Soup version 0.19.5 (webtiles) character file.

498 magog001 the Slinger (level 7, -1/46 HPs)
             Began as a Halfling Hunter on May 27, 2017.
             Killed from afar by an orc wizard (4 damage)
             ... with a puff of flame
             ... on level 5 of the Dungeon.
             The game lasted 00:28:58 (4329 turns).

magog001 the Slinger (Halfling Hunter)              Turns: 4329, Time: 00:28:58

Health: -1/46      AC:  5    Str: 14    XL:     7   Next: 39%
Magic:  7/7        EV: 16    Int:  9    God:
Gold:   180        SH:  0    Dex: 16    Spells: 0 memorised, 6 levels left

rFire  + . .     SeeInvis .     o - +0 blowgun
rCold  . . .     Gourm    .     c - +0 leather armour
rNeg   . . .     Faith    +     (shield restricted)
rPois  .         Spirit   .     (no helmet)
rElec  .         Reflect  .     (no cloak)
rCorr  .         Harm     .     v - +0 pair of gloves
MR     .....                    i - +0 pair of boots
Stlth  ++........               b - amulet of faith
                                q - ring of protection from cold
                                s - ring of fire

@: no status effects
A: mutation resistance 1, slow regeneration 1
a: no special abilities


You were on level 5 of the Dungeon.
You were not hungry.

You visited 1 branch of the dungeon, and saw 5 of its levels.

You collected 180 gold pieces.

Inventory:

Hand Weapons
 a - a +1 hunting sling
 o - a +0 blowgun (weapon)
 B - a +0 dagger of speed
Missiles
 d - 20 sling bullets
 e - 53 stones
 k - 38 poisoned needles (quivered)
 r - 2 curare-tipped needles
Armour
 c - a +0 leather armour (worn)
 i - a +0 pair of boots (worn)
 v - a +0 pair of gloves (worn)
Jewellery
 b - an amulet of faith (around neck)
 q - a ring of protection from cold (right hand)
 s - a ring of fire (left hand)
 w - an uncursed ring of ice
Wands
 u - a wand of digging (19/24)
Scrolls
 n - 2 scrolls of identify
 p - a scroll of fog
 x - a scroll of teleportation
 y - a scroll of remove curse
Potions
 h - a potion of brilliance
 l - a potion of resistance
Books
 A - a book of Maledictions

   Spells                             Type                      Level
   a - Corona                         Hexes                        1
   b - Ensorcelled Hibernation        Hexes/Ice                    2
   c - Confuse                        Hexes                        3
   d - Tukima's Dance                 Hexes                        3
   e - Dazzling Spray                 Conjuration/Hexes            3
Comestibles
 f - 2 bread rations
 m - 2 beef jerkies
 z - 10 chunks of flesh


   Skills:
 * Level 3.6 Fighting
 + Level 1.2 Short Blades
 * Level 9.4 Slings
 + Level 1.8 Armour
 * Level 3.7 Dodging
 + Level 1.3 Stealth


You had 6 spell levels left.
You didn't know any spells.

Dungeon Overview and Level Annotations

Branches:
Dungeon (5/15)             Temple (0/1) D:4

Altars:
Okawaru
Ru
Sif Muna
Xom
Yredelemnul
Zin


Innate Abilities, Weirdness & Mutations

You are small and have problems with some larger weapons.
You are somewhat resistant to further mutation.
You regenerate slowly when monsters are visible.


Message History

The scorpion is poisoned.
The scorpion is lightly wounded.
The scorpion stings you!
* * * LOW HITPOINT WARNING * * *
The orc wizard gestures wildly while chanting.
The orc wizard blinks!
The orc wizard hits you with a dagger.
* * * LOW HITPOINT WARNING * * *
Found 24 stones.
The orc wizard gestures wildly while chanting.
The orc wizard blinks!
The scorpion looks more healthy.
The orc wizard gestures at you while chanting.
The magic dart hits you!
* * * LOW HITPOINT WARNING * * *
Something hits you but does no damage.
You hear some strange, mumbled words.
A puff of flame appears from out of thin air!
The puff of flame hits you! You resist.
You die...

......#...........#[.####..
...........................
.....#.....................
.....................######
..###........<........#
......##...##...##.#..#
.#################.#...#
..#### ##..#....#
.((..###########@(##..#.#
####..##......{..## ##..
##.........s..#
####......o..# #.........#
#.........# #.........#
#.........# #.........#


You could see a scorpion and an orc wizard.

Vanquished Creatures
  A phantom (D:4)
  2 howler monkeys (D:4)
  A hound (D:4)
  2 orc priests
  An iguana (D:4)
  3 worker ants (D:4)
  A hound skeleton (D:4)
  A howler monkey skeleton (D:4)
  3 adders
  A shadow imp (D:5)
  An adder zombie (D:5)
  An adder skeleton (D:4)
  2 worms (D:2)
  A dart slug (D:1)
  4 leopard geckos (D:2)
  11 orcs
  7 bats
  4 giant cockroaches
  7 goblins
  2 hobgoblins (D:2)
  3 jackals (D:2)
  A quokka (D:2)
  4 frilled lizards
  4 kobolds
  A quokka skeleton (D:5)
  7 rats
76 creatures vanquished.

Notes
Turn   | Place    | Note
-------+----------+-------------------------------------------
     0 | D:1      | magog001 the Halfling Hunter began the quest for the Orb.
     0 | D:1      | Reached XP level 1. HP: 14/14 MP: 1/1
   305 | D:1      | Reached skill level 6 in Slings
   515 | D:1      | Reached XP level 2. HP: 10/19 MP: 2/2
  1094 | D:2      | Reached XP level 3. HP: 24/24 MP: 3/3
  1257 | D:2      | Reached skill level 7 in Slings
  1477 | D:2      | Reached XP level 4. HP: 18/29 MP: 4/4
  2548 | D:3      | Reached XP level 5. HP: 35/35 MP: 5/5
  2550 | D:3      | Reached skill level 1 in Armour
  2621 | D:3      | Found an iron altar of Okawaru.
  2747 | D:4      | Noticed a phantom
  2770 | D:4      | Killed a phantom
  2770 | D:4      | Reached skill level 8 in Slings
  2770 | D:4      | Reached XP level 6. HP: 38/41 MP: 6/6
  2967 | D:4      | Found a shimmering altar of Xom.
  2968 | D:4      | Found a deep blue altar of Sif Muna.
  2968 | D:4      | Found a basalt altar of Yredelemnul.
  2980 | D:4      | Found a glowing silver altar of Zin.
  2992 | D:4      | Found a sacrificial altar of Ru.
  3053 | D:4      | Found a staircase to the Ecumenical Temple.
  3776 | D:4      | Reached skill level 9 in Slings
  3804 | D:4      | Reached XP level 7. HP: 40/46 MP: 7/7
  4051 | D:4      | Gained mutation: You regenerate slowly when monsters are visible. [potion of mutation]
  4108 | D:4      | Reached skill level 1 in Short Blades
  4182 | D:5      | Entered Level 5 of the Dungeon
  4325 | D:5      | HP: 2/46 [orc wizard/magic dart (5)]
  4329 | D:5      | Killed from afar by an orc wizard

Skill      XL: |  1  2  3  4  5  6  7 |
---------------+----------------------+-----
Slings         | 6 7 8 9 |  9.4
Fighting       | 2 3 |  3.6
Armour         | 1 |  1.8
Dodging        | 3 |  3.7
Short Blades   | 1 |  1.2
Stealth        | |  1.3

Action                   |  1- 3 |  4- 6 |  7- 9 || total
-------------------------+-------+-------+-------++-------
Melee: Short sword       |       |    74 |       ||    74
       Dagger            |       |       |    36 ||    36
 Fire: Hunting sling     |   105 |   107 |    45 ||   257
       Blowgun           |       |       |     4 ||     4
  Use: Scroll            |       |     9 |       ||     9
       Potion            |       |     1 |     9 ||    10
  Eat: Chunk             |     1 |     6 |       ||     7
       Meat ration       |       |     1 |       ||     1
Armor: Leather armour    |     7 |    17 |     8 ||    32
Dodge: Dodged            |    24 |   105 |    37 ||   166
